 Dungeon Crawl Stone Soup version 0.25.0-1-g7eea58d2a3 (webtiles) character file.

Game seed: 8369041194722167863

14 Masnef the Vexing (level 2, -2/21 HPs)
             Began as a Barachi Arcane Marksman on June 13, 2020.
             Slain by a kobold
             ... wielding a +2 whip of draining
              (3 damage)
             ... on level 1 of the Dungeon.
             The game lasted 00:06:06 (367 turns).

Masnef the Vexing (Barachi Arcane Marksman)          Turns: 367, Time: 00:06:06

Health: -2/21      AC:  2    Str: 11    XL:     2   Next: 45%
Magic:  3/3        EV: 11    Int: 13    God:
Gold:   8          SH:  0    Dex: 12    Spells: 2/3 levels left

rFire    . . .     SeeInvis .   a - +0 hunting sling
rCold    . . .     Gourm    .   (no shield)
rNeg     . . .     Faith    .   e - +0 robe
rPois    .         Spirit   .   (no helmet)
rElec    .         Reflect  .   (no cloak)
rCorr    .         Harm     .   (no gloves)
MR       .....                  (no boots)
Stlth    +.........             (no amulet)
HPRegen  0.07/turn              (no ring)
MPRegen  0.08/turn              (no ring)

@: can't hop, heavily drained, slow
A: +LOS, swims, slowness 1, strong legs 1
a: Hop


You were on level 1 of the Dungeon.
You were not hungry.

You visited 1 branch of the dungeon, and saw 1 of its levels.

You collected 8 gold pieces.

Inventory:

Hand Weapons
 a - a +0 hunting sling (weapon)
 b - a +0 short sword of holy wrath
Missiles
 d - 10 sling bullets (quivered)
Armour
 e - a +0 robe (worn)
Comestibles
 c - a chunk of flesh
 f - a ration


   Skills:
 + Level 1.3(0.0) Fighting
 + Level 2.2(0.7) Slings
 + Level 2.5(1.0) Dodging
 + Level 1.2(0.0) Spellcasting
 + Level 3.6(2.1) Hexes


You had 2 spell levels left.
You knew the following spells:

 Your Spells              Type           Power        Failure   Level  Hunger
a - Corona                Hex            #......      13%         1    ##.....

Your spell library contained the following spells:

 Spells                   Type           Power        Failure   Level  Hunger
 Slow                     Hex            #.......     21%         2    ###....
 Inner Flame              Hex/Fire       #.......     52%         3    ####...
 Portal Projectile        Hex/Tloc       #.....       52%         3    ####...
 Cause Fear               Hex            #.........   78%         4    #####..
 Leda's Liquefaction      Hex/Erth       #.........   90%         4    #####..


Dungeon Overview and Level Annotations

Branches:
Dungeon (1/15)

Altars:


Innate Abilities, Weirdness & Mutations

You can be seen from farther away. (+LOS)
You can swim through water.
You cover ground slowly.
You can hop short distances.


Message History

There is an escape hatch in the floor here.
The kobold hits you with a +2 whip of draining.
* * * LOW HITPOINT WARNING * * *
You feel drained.
* * * LOW HITPOINT WARNING * * *
You see here a cursed -2 dagger.
You see here a rat skeleton.
The kobold misses you.
Things that are here:
a leopard gecko skeleton; a rat skeleton The kobold closely misses you.
The kobold hits you with a +2 whip of draining.
* * * LOW HITPOINT WARNING * * *
You feel drained.
* * * LOW HITPOINT WARNING * * *
Some of the chunks of flesh in your inventory have rotted away.
The kobold hits you but does no damage.
You feel drained. The kobold closely misses you.
The kobold hits you with a +2 whip of draining.
You die...

### #####.. #.....# #######
###.#.... #.....##########
#.......# #..............#
#.....÷..
#......###.....#######.....)..
####......................#.##..#
.........####..K@.#######.#......
.........# #####.......#.#....#.
.........# #######.#.####.#.
....#.#### #######.#.# #.).
#..÷#.# #.......#.####..#
#.....###########.##.####...#....
..>....÷.)...>.......######.#....
.#.#.÷#...#...#.................#
.#.#....#...#...#...............#


You could see a kobold.

Vanquished Creatures
  A leopard gecko (D:1)
  A ball python (D:1)
  2 bats (D:1)
  3 hobgoblins (D:1)
  2 kobolds (D:1)
  A frilled lizard (D:1)
  3 rats (D:1)
13 creatures vanquished.

Notes
Turn   | Place    | Note
-------+----------+-------------------------------------------
     0 | D:1      | Masnef the Barachi Arcane Marksman began the quest for the
                  | Orb.
     0 | D:1      | Reached XP level 1. HP: 15/15 MP: 2/2
   167 | D:1      | Reached XP level 2. HP: 21/21 MP: 3/3
   359 | D:1      | HP: 1/21 [kobold/+2 whip of draining (2)]
   367 | D:1      | Slain by a kobold

Illustrated notes

Levels and vault maps discovered:
D:1:      minmay_arrival_semitransparent, layout_basic

Action                   || total
-------------------------++-------
 Fire: Hunting sling     ||    38
 Cast: Corona            ||     4
 Abil: Hop               ||     1
Armor: Robe              ||     6
Dodge: Dodged            ||    21
